 Dungeon Crawl Stone Soup version 0.31-a0-200-gbc41564c69 (webtiles) character file.

Game seed: 17104739501266087457

301 qw the Skirmisher (level 6, -4/36 HPs)
             Began as a Deep Elf Hunter on June 25, 2023.
             Slain by a two-headed ogre
             ... wielding a +0 giant club
              (5 damage)
             ... on level 5 of the Dungeon.
             The game lasted 00:01:04 (3471 turns).

qw the Skirmisher (Deep Elf Hunter)                 Turns: 3471, Time: 00:01:05

Health: -4/36      AC:  7    Str: 10    XL:     6   Next: 14%
Magic:  8/8        EV: 11    Int: 14    God:
Gold:   64         SH:  0    Dex: 18    Spells: 5/5 levels left

rFire   . . .        k - +0 orcbow (heavy)
rCold   . . .        (shield currently unavailable)
rNeg    . . .        d - +0 ring mail
rPois   .            g - +0 helmet
rElec   .            j - +0 cloak
rCorr   .            (no gloves)
SInv    .            (no boots)
Will    .....        (no amulet)
Stlth   +            (no ring)
HPRegen 0.26/turn    (no ring)
MPRegen 0.11/turn

%: no passive effects
@: no status effects
A: no striking features
a: no special abilities


You were on level 5 of the Dungeon.
You visited 1 branch of the dungeon, and saw 5 of its levels.

You collected 246 gold pieces.
You spent 182 gold pieces at shops.


   Skills:
 - Level 2.8 Fighting
 - Level 9.0 Ranged Weapons
 + Level 0.0 Armour
 - Level 2.4 Dodging
 - Level 1.2 Stealth


You had 5 spell levels left.
You didn't know any spells.
Your spell library was empty.

Inventory:

Hand Weapons
 k - a +0 heavy orcbow (weapon)
Armour
 d - a +0 ring mail (worn)
 g - a +0 helmet (worn)
 j - a +0 cloak (worn)
Scrolls
 a - a scroll of identify
 h - 2 scrolls of teleportation
Potions
 b - a potion of haste {unknown}
 e - a potion of resistance
 i - a potion of enlightenment {unknown}

Dungeon Overview and Level Annotations

Branches:
Dungeon (5/15)
 Temple: D:4-7

Altars:
Cheibriados
Gozag

Shops:
D:3 (   D:4 :


Message History

Enter note:
Enter note:
Enter note:
Enter note:
Enter note:
Enter note:
Enter note:
Enter note:
Enter note:
Enter note:
Enter note: Partly explored, can't reach some places.
(D) Dungeon
Where to? (* - list waypoints, Enter - D:4, ? - help)
What level of the Dungeon? (default 1, ? - help)
There is a stone staircase leading down here.
You climb downwards.
There is a stone staircase leading up here.
Waypoint 4 assigned to D:5.
b - a black potion
Found a hand axe.
You now have 64 gold pieces (gained 15).
A two-headed ogre comes into view. It is wielding two +0 giant clubs.
Found a book of Dreams.
The two-headed ogre shouts in stereo!
You shoot an arrow.
The arrow hits the two-headed ogre but does no damage.
You shoot an arrow. The arrow hits the two-headed ogre.
The two-headed ogre is lightly wounded.
You shoot an arrow.
The arrow hits the two-headed ogre but does no damage.
The two-headed ogre is lightly wounded.
The two-headed ogre completely misses you.
The two-headed ogre hits you with a +0 giant club!
You shoot an arrow.
The arrow barely misses the two-headed ogre.
The two-headed ogre hits you with a +0 giant club!!
Ouch! That really hurt!
The two-headed ogre hits you with a +0 giant club.
You die...

###....##..###.#.#
#..........###.#.#
#................#
#......###.###.###
##....## #.# #<#
#.#.## #.# #.#
#.#.#####.###.#
#.............#
#)..###@########
#.... #.O......
##... #.#######
##.. ..# ... ...
#..# .### #.. : ..


You could see a two-headed ogre.

Vanquished Creatures
  A black bear (D:4)
  A hound (D:4)
  An orc wizard (D:3)
  Robin (D:3)
  5 adders
  An ufetubus (D:4)
  3 worms
  3 dart slugs
  4 orcs
  5 ball pythons
  5 endoplasms
  4 giant cockroaches
  9 goblins
  10 hobgoblins
  6 jackals
  2 quokkas
  A frilled lizard (D:2)
  5 kobolds
  7 rats
74 creatures vanquished.

Notes
Turn   | Place    | Note
-------+----------+-------------------------------------------
     0 | D:1      | qw the Deep Elf Hunter began the quest for the Orb.
     0 | D:1      | Reached XP level 1. HP: 12/12 MP: 3/3
     0 | D:1      | 0 ||| qw: Version: 0.3-a-22-g0ed2b0b
     0 | D:1      | 0 ||| qw: Game counter: 5683
     0 | D:1      | 0 ||| qw: Melee chars always use a shield: true
     0 | D:1      | 0 ||| qw: God list: Okawaru
     0 | D:1      | 0 ||| qw: Allow faded altars: false
     0 | D:1      | 0 ||| qw: Do Orc after clearing Dungeon:15 true
     0 | D:1      | 0 ||| qw: Do second Lair branch before Depths: true
     0 | D:1      | 0 ||| qw: Lair rune preference: random
     0 | D:1      | 0 ||| qw: Goals: Normal
     0 | D:1      | 0 ||| PLANNING D:1-11
   126 | D:1      | Reached XP level 2. HP: 16/16 MP: 4/4
   166 | D:1      | Reached skill level 6 in Ranged Weapons
   605 | D:1      | 605 ||| UPGRADING to +0 cloak.
   610 | D:1      | 610 ||| DROPPING ring of magical power.
   611 | D:1      | 611 ||| READING scroll labelled QYAMAQU NYPUNA.
   612 | D:1      | 612 ||| READING scroll labelled XOAVVINKOKURGH.
   613 | D:1      | 613 ||| READING scroll labelled TAMUIMM MUWAOKH.
   614 | D:1      | 614 ||| READING scroll labelled SURUWINORGH.
   615 | D:1      | 615 ||| READING scroll labelled XENWIZU WUSATAOCK.
   619 | D:1      | 619 ||| DROPPING scroll of butterflies.
   766 | D:2      | Reached XP level 3. HP: 20/20 MP: 5/5
   830 | D:2      | Reached skill level 7 in Ranged Weapons
   907 | D:2      | Found a faded altar of an unknown god.
  1066 | D:2      | Reached XP level 4. HP: 25/25 MP: 6/6
  1439 | D:3      | Found a snail-covered altar of Cheibriados.
  1524 | D:3      | Reached skill level 8 in Ranged Weapons
  1548 | D:3      | 1548 ||| Stepping ~*~*~tactically~*~*~ (water).
  1655 | D:3      | Noticed Robin
  1667 | D:3      | Killed Robin
  1682 | D:3      | Reached XP level 5. HP: 12/29 MP: 7/7
  1869 | D:3      | Found Bawk's Antique Weapon Emporium.
  1874 | D:3      | 1874 ||| BUYING glowing orcbow (182 gold).
  1874 | D:3      | Bought a glowing orcbow for 182 gold pieces
  1874 | D:3      | 1874 ||| SWAPPING to +0 heavy orcbow.
  1875 | D:3      | 1875 ||| DROPPING +0 shortbow.
  2289 | D:3      | 2289 ||| UPGRADING to +0 ring mail.
  2299 | D:3      | 2299 ||| DROPPING +0 leather armour.
  2300 | D:3      | 2300 ||| UPGRADING to +0 helmet.
  2305 | D:3      | 2305 ||| READING scroll labelled SUNIJ ASHRANYF.
  2306 | D:3      | 2306 ||| READING scroll labelled XOIMNU CUEV.
  2307 | D:3      | 2307 ||| READING scroll labelled OLALURGH KIZXUA.
  2308 | D:3      | 2308 ||| READING scroll labelled VUMMOST ZISCHOYSTRI.
  2309 | D:3      | 2309 ||| READING 2 scrolls of identify.
  2309 | D:3      | 2309 ||| IDENTIFYING white potion
  2311 | D:3      | 2311 ||| Stepping ~*~*~tactically~*~*~ (cloud).
  2786 | D:4      | Reached skill level 9 in Ranged Weapons
  2826 | D:4      | Found an opulent altar of Gozag.
  2879 | D:4      | Found Miedde's Book Emporium.
  2881 | D:4      | Noticed a black bear
  2887 | D:4      | Killed a black bear
  2888 | D:4      | Reached XP level 6. HP: 33/36 MP: 8/8
  3437 | D:5      | Entered Level 5 of the Dungeon
  3467 | D:5      | Noticed a two-headed ogre
  3471 | D:5      | HP: 1/36 [two-headed ogre/+0 giant club (20)]
  3471 | D:5      | Slain by a two-headed ogre

Levels and vault maps discovered:
D:1:      minmay_arrival_stone_box, layout_loops_cross
D:2:      layout_loops_ring, dreamdust_ecumenical_altar_sealed_demon
D:3:      layout_basic, cheibriados_altar_1, serial_rivers,
          chequers_serial_rivers_large_a, chequers_serial_rivers_small_3,
          chequers_serial_rivers_micro_b, chequers_serial_rivers_micro_c,
          chequers_serial_rivers_room_b, chequers_serial_rivers_micro_a,
          serial_shops, shop, uniq_robin
D:4:      layout_basic, lemuel_coloured_pillars_altar, serial_shops,
          nicolae_shop_temple_entry_statues_fountains, uniq_crazy_yiuf_cottage
D:5:      layout_loops_ring, fedhas_altar_fruit_tree, general_overflow_altar,
          nicolae_overflow_squiral, minmay_temple_entry_enclosed_plants

Skill      XL: |  1  2  3  4  5 |
---------------+----------------+-----
Ranged Weapons | 6 7 8 9 |  9.0
Fighting       | 2 |  2.8
Dodging        | |  2.4
Stealth        | |  1.2

Action                     |  1- 3 |  4- 6 || total
---------------------------+-------+-------++-------
   Fire: Shortbow          |   119 |    81 ||   200
         Orcbow            |       |    40 ||    40
    Use: Scroll            |     5 |     5 ||    10
 Armour: Leather armour    |     6 |     6 ||    12
         Ring mail         |       |     9 ||     9
  Dodge: Dodged            |    13 |    46 ||    59

Table legend:
 A = Non-vault XP
 B = Vault XP
 C = Vault XP percentage of total XP
 D = Non-vault monster count
 E = Vault monster count
 F = Vault count percentage of total count
                 A         B        C        D         E       F
            +---------+---------+-------+---------+---------+-------
      Total |     403 |      28 |   6.5 |      66 |       8 |  10.8
            +---------+---------+-------+---------+---------+-------
        D:1 |      33 |       0 |   0.0 |      17 |       0 |   0.0
        D:2 |      76 |       0 |   0.0 |      21 |       0 |   0.0
        D:3 |      97 |      28 |  22.4 |      18 |       8 |  30.8
        D:4 |     197 |       0 |   0.0 |      10 |       0 |   0.0
            +---------+---------+-------+---------+---------+-------
